 Dungeon Crawl Stone Soup version 0.20-a0-350-ga83eecc (webtiles) character file.

1768 Faca the Cleaver (level 9, -1/68 HPs)
             Began as a Formicid Fighter on Dec 23, 2016.
             Slain by a cyan ugly thing (5 damage)
             ... on level 6 of the Dungeon on Dec 24, 2016.
             The game lasted 00:18:23 (5135 turns).

Faca the Cleaver (Formicid Fighter)                 Turns: 5135, Time: 00:18:24

Health: -1/68      AC: 15    Str: 22    XL:     9   Next: 28%
Magic:  9/9        EV: 11    Int:  7    God:
Gold:   291        SH: 12    Dex: 17    Spells: 8/8 levels left

rFire  . . .     SeeInvis +     a - +1 war axe
rCold  . . .     Gourm    .     s - +4 ring mail of Mental Paralysis {-Tele rElec Dex+4}
rNeg   . . .     Faith    .     c - +1 shield
rPois  +         Spirit   .     (helmet unavailable)
rElec  +         Reflect  .     m - +2 cloak
rCorr  .         Harm     .     (no gloves)
MR     .....                    (no boots)
Stlth  +.........               (no amulet)
                                q - ring of poison resistance
                                u - +2 ring of protection

@: no status effects
A: permanent stasis, dig shafts and tunnels, four strong arms, antennae 3
a: Dig, Shaft Self


You were on level 6 of the Dungeon.
You were not hungry.

You visited 1 branch of the dungeon, and saw 6 of its levels.
You also visited: Sewer.

You collected 318 gold pieces.
You spent 27 gold pieces at shops.

Inventory:

Hand Weapons
 a - a +1 war axe (weapon)
Armour
 c - a +1 shield (worn)
 m - a +2 cloak (worn)
 s - the +4 ring mail of Mental Paralysis (worn) {-Tele rElec Dex+4}
   (You found it on level 5 of the Dungeon)

   It affects your dexterity (+4).
   It insulates you from electricity.
   It prevents most forms of teleportation.
Jewellery
 e - an uncursed ring of stealth
 q - a ring of poison resistance (right hand)
 u - a +2 ring of protection (left hand)
Scrolls
 f - a scroll of recharging
 g - 3 scrolls of enchant armour
 j - 2 scrolls of enchant weapon
 p - 3 scrolls of identify
 v - a scroll of fear
Potions
 b - 4 potions of flight
 d - a potion of might
 h - 5 potions of curing
 i - 4 potions of agility
 k - a potion of invisibility
 l - a potion of ambrosia
 n - 3 potions of magic
 o - a potion of brilliance
 r - a potion of resistance
Comestibles
 t - a slice of pizza


   Skills:
 + Level 5.5 Fighting
 + Level 8.1 Axes
 + Level 5.7 Armour
 + Level 2.2 Dodging
 + Level 1.0 Stealth
 + Level 6.8 Shields


You had 8 spell levels left.
You didn't know any spells.

Dungeon Overview and Level Annotations

Branches:
Dungeon (6/15)
 Temple: D:4-7

Altars:
Ashenzari
Dithmenos
Elyvilon
Makhleb
Vehumet
Xom
Yredelemnul
Zin

Shops:
D:6 *


Innate Abilities, Weirdness & Mutations

You cannot be hasted, slowed, berserked, paralysed or teleported.
You can dig through walls and to a lower floor.
Your four strong arms can wield two-handed weapons with a shield.
You have a pair of large antennae on your head. (SInv)


Message History

* * * LOW HITPOINT WARNING * * *
You slash the cyan ugly thing!
The cyan ugly thing is severely wounded.
The cyan ugly thing closely misses you.
You hit the cyan ugly thing but do no damage.
The cyan ugly thing is severely wounded.
The cyan ugly thing closely misses you.
You hit the cyan ugly thing but do no damage.
The cyan ugly thing is severely wounded.
The cyan ugly thing claws you but does no damage.
You block the cyan ugly thing's attack.
You barely miss the cyan ugly thing.
The cyan ugly thing is severely wounded.
The cyan ugly thing claws you but does no damage.
You hit the cyan ugly thing but do no damage.
The cyan ugly thing is severely wounded.
The cyan ugly thing claws you.
* * * LOW HITPOINT WARNING * * *
The cyan ugly thing shocks you. You resist.
You die...

#...#.# #.###.#
#...#.# #.#.#.#
{#...#.#
+.#.#.##########
{#...#..........#
#.#?##.........#
#@..##.........###
#u####...........#
#.. #####...###.#
#.#. #.#.# #...#
#.#†# #.# # .)#.#
#.. ..##.## #.#
..###..###
##........##


You could see a cyan ugly thing.

Vanquished Creatures
  The ghost of Fudges the Sneak, an amateur KoBe of Trog (Sewer)
  Eustachio (D:6)
  A soldier ant (D:6)
  A hornet zombie (D:4)
  A big kobold (Sewer)
  A wyvern skeleton (D:6)
  3 scorpions
  3 howler monkeys
  A bullfrog zombie (D:5)
  A crimson imp (D:6)
  3 hounds
  A jelly (D:6)
  6 orc wizards
  3 orc priests (D:6)
  An iguana (D:6)
  2 hound skeletons (D:4)
  A worker ant zombie (D:5)
  4 gnolls (D:3)
  3 river rats
  16 adders
  A shadow imp (D:5)
  An adder skeleton (D:5)
  2 worms
  4 leopard geckos
  24 orcs
  3 bats (D:1)
  5 giant cockroaches
  8 goblins
  5 hobgoblins
  9 jackals
  3 quokkas
  2 ball pythons
  A ball python skeleton (D:4)
  5 frilled lizards
  A jackal skeleton (D:4)
  11 kobolds
  A leopard gecko zombie (D:5)
  A quokka skeleton (D:6)
  7 rats
148 creatures vanquished.

Notes
Turn   | Place    | Note
-------+----------+-------------------------------------------
     0 | D:1      | Faca the Formicid Fighter began the quest for the Orb.
     0 | D:1      | Reached XP level 1. HP: 18/18 MP: 1/1
   103 | D:1      | Reached XP level 2. HP: 21/24 MP: 2/2
   416 | D:1      | Reached XP level 3. HP: 27/29 MP: 3/3
   969 | D:2      | Reached XP level 4. HP: 26/36 MP: 4/4
  1316 | D:2      | Reached skill level 3 in Axes
  1411 | D:3      | Reached XP level 5. HP: 42/42 MP: 5/5
  1550 | D:3      | Found a glowing drain.
  1591 | Sewer    | Entered a sewer
  1724 | Sewer    | Noticed Fudges's ghost (amateur KoBe)
  1753 | Sewer    | Killed Fudges's ghost
  1753 | Sewer    | Reached skill level 4 in Axes
  1753 | Sewer    | Reached skill level 1 in Dodging
  1753 | Sewer    | Reached skill level 5 in Shields
  1753 | Sewer    | Reached XP level 6. HP: 45/48 MP: 6/6
  1804 | Sewer    | Reached XP level 7. HP: 12/55 MP: 7/7
  2008 | Sewer    | Found a white marble altar of Elyvilon.
  2139 | D:3      | Reached skill level 5 in Axes
  2335 | D:3      | Found a shattered altar of Ashenzari.
  2601 | D:3      | Found a basalt altar of Yredelemnul.
  3113 | D:4      | Reached XP level 8. HP: 53/61 MP: 8/8
  3365 | D:4      | Reached skill level 6 in Axes
  3365 | D:4      | Reached skill level 5 in Armour
  3758 | D:4      | Upgraded the game from 0.20-a0-345-gbfb25ec to 0.20-a0-350-ga83eecc
  3759 | D:5      | Entered Level 5 of the Dungeon
  4021 | D:5      | Found a white marble altar of Elyvilon.
  4131 | D:5      | Got a fine ring mail
  4142 | D:5      | Identified the +4 ring mail of Mental Paralysis {-Tele rElec Dex+4} (You found it on level 5 of the Dungeon)
  4292 | D:5      | Found a radiant altar of Vehumet.
  4305 | D:5      | Found a shadowy altar of Dithmenos.
  4337 | D:5      | Found a shimmering altar of Xom.
  4484 | D:6      | Found Sutet's Assorted Antiques.
  4493 | D:6      | Reached skill level 5 in Fighting
  4501 | D:6      | Bought a scroll labeled DAAMNA FEUB for 27 gold pieces
  4517 | D:6      | Reached skill level 7 in Axes
  4549 | D:6      | Noticed Eustachio
  4571 | D:6      | Killed Eustachio
  4571 | D:6      | Reached XP level 9. HP: 40/68 MP: 9/9
  4617 | D:6      | Found a shattered altar of Ashenzari.
  4967 | D:6      | Found a burning altar of Makhleb.
  4969 | D:6      | Found a glowing silver altar of Zin.
  4969 | D:6      | Noticed an Executioner
  4969 | D:6      | Noticed an angel
  5095 | D:6      | Reached skill level 8 in Axes
  5105 | D:6      | Noticed a cyan ugly thing
  5107 | D:6      | Reached skill level 1 in Stealth
  5135 | D:6      | Slain by a cyan ugly thing

Vault maps used:
D:1:      mainiacjoe_arrival_reflecting_pool
D:2:      corexii_item_surrounded_by_moat, due_unseen_surprise
D:3:      evilmike_ruin_ashenzari, overflow_temple_1_default,
          gup_sewer_entry_bowl
D:5:      nicolae_overflow_quartered_altars, first_bread, grunt_ministairs_3,
          serial_bayou_crossing
D:6:      grunt_temple_overflow_order_and_chaos_2, serial_shops, shop,
          basic_altar, hangedman_minor_gate_pass, uniq_eustachio
Sewer:    sewer_kobolds

Skill      XL: |  1  2  3  4  5  6  7  8  9 |
---------------+----------------------------+-----
Shields        | 4 5 6 |  6.8
Armour         | 4 5 |  5.7
Axes           | 3 4 5 7 8 |  8.1
Fighting       | 4 5 |  5.5
Dodging        | 1 2 |  2.2
Stealth        | 1 |  1.0

Action                   |  1- 3 |  4- 6 |  7- 9 || total
-------------------------+-------+-------+-------++-------
Melee: War axe           |    78 |   139 |   322 ||   539
 Abil: Dig               |     1 |     1 |       ||     2
  Use: Scroll            |     2 |     3 |    17 ||    22
       Potion            |       |       |     4 ||     4
 Stab: Sleeping          |       |       |     1 ||     1
  Eat: Chunk             |       |     3 |     2 ||     5
       Beef jerky        |       |     1 |       ||     1
       Bread ration      |       |       |     2 ||     2
Armor: Scale mail        |    51 |    23 |       ||    74
       Chain mail        |       |    48 |   115 ||   163
       Ring mail         |       |       |    45 ||    45
Dodge: Dodged            |    45 |    38 |    98 ||   181
Block: Shield            |    66 |    86 |   208 ||   360
